 Dungeon Crawl Stone Soup version 0.32-a0-614-gd166fa8 (webtiles) character file.

Game seed: 8043506774965170099

210981 FilltheMatrix the Slayer (level 18, -2/280 HPs)
             Began as a Minotaur Berserker on Mar 5, 2024.
             Was the Champion of Trog.
             Slain by a 17-headed hydra (13 damage)
             ... on level 2 of the Swamp.
             The game lasted 00:59:27 (33379 turns).

FilltheMatrix the Slayer (Minotaur Berserker)      Turns: 33379, Time: 00:59:28

Health: -2/280     AC: 25    Str: 28    XL:     18   Next: 20%
Magic:  17/17      EV:  9    Int:  4    God:    Trog [******]
Gold:   483        SH: 16    Dex: 14    Spells: 17/17 levels left

rFire   + + +        a - +0 broad axe (spect)
rCold   + . .        y - +0 kite shield
rNeg    + . .        k - +2 plate armour {rPois}
rPois   +            V - +2 hat {Will+}
rElec   .            J - scarf {rC+ rF+}
rCorr   +            t - +0 pair of gloves
SInv    .            A - +0 pair of boots
Will    ++...        D - amulet of regeneration Stlth
                     I - ring "Xastre" {rF++ rN+ Dex+2}
HPRegen 1.46/turn    T - ring of resist corrosion
MPRegen 0.15/turn

%: no passive effects
@: berserking (expiring), very quick
A: horns 2, retaliatory headbutt
}: 1/15 runes: serpentine
a: Renounce Religion, Berserk, Trog's Hand, Brothers in Arms


You were on level 2 of the Swamp.
You worshipped Trog.
Trog was exalted by your worship.
You visited 5 branches of the dungeon, and saw 28 of its levels.
You also visited: Ice Cave and Volcano.

You collected 3011 gold pieces.
You spent 2528 gold pieces at shops.

Inventory:

Hand Weapons
 a - a +0 spectral broad axe (weapon)
 b - a +0 broad axe of holy wrath
Missiles
 G - 5 throwing nets (quivered)
 Y - 2 curare-tipped darts
Armour
 k - a +2 plate armour of poison resistance (worn)
 t - a +0 pair of gloves (worn)
 y - a +0 kite shield (worn)
 A - a +0 pair of boots (worn)
 J - a scarf of resistance (worn)
 V - a +2 hat of willpower (worn)
Jewellery
 v - the amulet "Zuufoit" {Harm *Corrode rPois rN+ RegenMP+}
   (You took it off a naga ritualist on level 3 of the Snake Pit)

   [amulet of magic regeneration]

   It increases your rate of magic regeneration.
   rPois:     It protects you from poison.
   rN+:       It protects you from negative energy.
   *Corrode:  It may corrode you when you take damage.
   Harm:      It increases damage dealt and taken.
   RegenMP+:  It increases your rate of magic regeneration.
 D - an amulet of regeneration (around neck)
 I - the ring "Xastre" (left hand) {rF++ rN+ Dex+2}
   (You found it on level 10 of the Dungeon)

   [ring of positive energy]

   Dex+2:     It affects your dexterity (+2).
   rF++:      It greatly protects you from fire.
   rN+:       It protects you from negative energy.
 L - a ring of see invisible
 M - the amulet of Xom's Best Wishes {Acrobat +Blink rElec rC+ Int-2}
   (You found it on level 1 of the Swamp)

   [amulet of the acrobat]

   Acrobat:   It increases your evasion while moving and waiting.
   Int-2:     It affects your intelligence (-2).
   rC+:       It protects you from cold.
   rElec:     It insulates you from electricity.
   +Blink:    It lets you blink.
 T - a ring of resist corrosion (right hand)
 Z - a ring of willpower
Talismans
 K - the serpent talisman of the Alphagorgon {rF+ rN+ SInv Stlth+}
   (You took it off Aizul on level 3 of the Snake Pit)

   [serpent talisman]

   rF+:       It protects you from fire.
   rN+:       It protects you from negative energy.
   SInv:      It lets you see invisible.
   Stlth+:    It makes you more stealthy.
Wands
 l - a wand of acid (8)
 o - a wand of charming (15)
 C - a wand of flame (76)
 N - a wand of iceblast (20)
 Q - a wand of polymorph (11)
 S - a wand of mindburst (11)
Scrolls
 c - 8 scrolls of fear
 e - 6 scrolls of enchant armour
 g - 4 scrolls of revelation
 n - 16 scrolls of teleportation
 p - a scroll of butterflies
 q - 8 scrolls of poison
 r - 3 scrolls of silence
 u - 4 scrolls of immolation
 E - 7 scrolls of blinking
 H - 2 scrolls of brand weapon
Potions
 d - 5 potions of attraction
 f - 5 potions of heal wounds
 h - 3 potions of enlightenment
 i - 2 potions of berserk rage
 j - 5 potions of resistance
 m - 15 potions of curing
 s - 7 potions of haste
 w - 10 potions of ambrosia
 x - 4 potions of might
 z - 7 potions of cancellation
 B - 9 potions of mutation
 F - 4 potions of magic
 U - 4 potions of brilliance
 W - a potion of lignification
 X - 3 potions of invisibility
Miscellaneous
 O - a lightning rod (4/4)


   Skills:
 * Level 22.9 Fighting
 * Level 20.9 Axes
 + Level 16.5 Armour
 - Level 2.1 Dodging
 * Level 21.4 Shields


You had 17 spell levels left.
You didn't know any spells.
Your spell library contained the following spells:

 Spells                   Type           Power      Damage    Failure   Level
 Apportation              Tloc           0%         N/A       98%         1
 Foxfire                  Conj/Fire      0%         2x1d4     98%         1
 Freeze                   Ice            0%         1d3       98%         1
 Kiss of Death            Conj/Necr      0%         2d5       98%         1
 Magic Dart               Conj           0%         1d3       98%         1
 Necrotise                Necr           0%         1d4       98%         1
 Sting                    Conj/Alch      0%         1d3       98%         1
 Summon Small Mammal      Summ           0%         N/A       98%         1
 Blink                    Tloc           0%         N/A       99%         2
 Call Imp                 Summ           0%         N/A       99%         2
 Cigotuvi's Dreadful Rot  Necr/Alch/Air  0%         N/A       99%         2
 Ensorcelled Hibernation  Hex/Ice        0%         N/A       99%         2
 Jinxbite                 Hex            0%         N/A       99%         2
 Mercury Vapours          Alch/Air       0%         N/A       99%         2
 Searing Ray              Conj           0%         2d4       99%         2
 Static Discharge         Conj/Air       0%         3-3/arc   99%         2
 Sublimation of Blood     Necr           0%         N/A       99%         2
 Call Canine Familiar     Summ           0%         N/A       100%        3
 Confusing Touch          Hex            0%         N/A       100%        3
 Dazzling Flash           Conj/Hex       0%         N/A       100%        3
 Mephitic Cloud           Conj/Alch/Air  0%         N/A       100%        3
 Passwall                 Erth           0%         N/A       100%        3
 Summon Ice Beast         Ice/Summ       0%         N/A       100%        3
 Swiftness                Air            0%         N/A       100%        3
 Tukima's Dance           Hex            0%         N/A       100%        3
 Volatile Blastmotes      Fire/Tloc      0%         2d10      100%        3
 Airstrike                Air            0%         2d(0-16)  100%        4
 Animate Armour           Summ/Erth      0%         N/A       100%        4
 Animate Dead             Necr           0%         N/A       100%        4
 Dispel Undead            Necr           0%         3d6       100%        4
 Fulminant Prism          Conj/Alch      0%         3d5       100%        4
 Iskenderun's Mystic Bla  Conj/Tloc      0%         2d3       100%        4
 Martyr's Knell           Necr/Summ      0%         N/A       100%        4
 Olgreb's Toxic Radiance  Alch           0%         N/A       100%        4
 Passage of Golubria      Tloc           0%         N/A       100%        4
 Summon Blazeheart Golem  Fire/Summ      0%         N/A       100%        4
 Summon Lightning Spire   Summ/Air       0%         N/A       100%        4
 Alistair's Intoxication  Alch           0%         N/A       100%        5
 Freezing Cloud           Conj/Ice/Air   0%         6-21      100%        5
 Lee's Rapid Deconstruct  Erth           0%         3d4*      100%        5
 Silence                  Hex/Air        0%         N/A       100%        5
 Summon Forest            Summ/Tloc      0%         N/A       100%        5
 Yara's Violent Unravell  Hex/Alch       0%         3d3       100%        5
 Death Channel            Necr           0%         N/A       100%        6
 Eringya's Noxious Bog    Alch           0%         4d6       100%        6
 Plasma Beam              Fire/Air       0%         2x1d10    100%        6
 Starburst                Conj/Fire      0%         6d3       100%        6
 Enfeeble                 Hex            0%         N/A       100%        7
 Haunt                    Necr/Summ      0%         N/A       100%        7
 Ozocubu's Refrigeration  Ice            0%         4d7       100%        7
 Summon Hydra             Summ           0%         N/A       100%        7
 Infestation              Necr           0%         N/A       100%        8
 Lehudib's Crystal Spear  Conj/Erth      0%         10d2      100%        8
 Maxwell's Capacitive Co  Air            0%         ∞         100%        8
 Polar Vortex             Ice            0%         N/A       100%        9


Dungeon Overview and Level Annotations

Branches:
Dungeon (15/15) Zot: 25293  Temple (0/1) D:5            Lair (5/5) D:11 Zot: 24009
  Swamp (2/4) Lair:2 Zot: 11007   Snake (4/4) Lair:2 Zot: 17990   Slime (0/5) Lair:4
    Orc (2/2) D:12 Zot: 9790     Elf (0/3) Orc:2        Vaults (0/5) D:14
 Depths (0/4) D:15          IceCv (visited)         Volcano (visited)

Altars:
Ashenzari
Cheibriados
Fedhas
Hepliaklqana
Kikubaaqudgha
Makhleb
Nemelex Xobeh
Okawaru
Qazlal
Trog
Wu Jian
Xom
Zin
Jiyva

Shops:
D:1 *   D:2 *=:   D:7 :   D:11 :   D:14 *   D:15 :   Orc:1 [   Orc:2 *?((


Innate Abilities, Weirdness & Mutations

You have a pair of horns on your head.
You reflexively headbutt those who attack you in melee.


Message History

The 15-headed hydra closely misses you.
The 15-headed hydra bites you but does no damage. x2
The 15-headed hydra bites you.
* * * LOW HITPOINT WARNING * * *
The 15-headed hydra bites you.
* * * LOW HITPOINT WARNING * * *
The swamp dragon attacks as it pursues you!
The swamp dragon barely misses you. You furiously retaliate!
You headbutt the swamp dragon.
The swamp dragon claws you but does no damage.
The swamp dragon tramples you but does no damage.
The spriggan rider hits you but does no damage.
You take 11 HP, and have [40/280] HP Unknown command.
A swamp dragon comes into view.
The swamp dragon attacks as it pursues you!
You block the swamp dragon's attack. x3
Unknown command.
You chop one of the 15-headed hydra's heads off!
The 14-headed hydra grows two more!
You slice the 16-headed hydra!!
The 16-headed hydra is moderately wounded.
You barely miss the swamp dragon.
Your +0 spectral broad axe hits the 16-headed hydra!
Your +0 spectral broad axe slices one of the 16-headed hydra's heads off!
The 15-headed hydra grows two more!
Your +0 spectral broad axe hits the swamp dragon!!
The 17-headed hydra bites you but does no damage.
You block the 17-headed hydra's attack.
The 17-headed hydra bites you but does no damage.
You block the 17-headed hydra's attack.
The 17-headed hydra bites you but does no damage.
You block the 17-headed hydra's attack.
The 17-headed hydra bites you but does no damage. x2
The 17-headed hydra bites you!
* * * LOW HITPOINT WARNING * * *
The 17-headed hydra bites you!
* * * LOW HITPOINT WARNING * * *
The 17-headed hydra bites you but does no damage.
The 17-headed hydra closely misses you. The 17-headed hydra bites you!
You die...

♣♣§♣♣
♣..~.....♣♣.~...~♣
..~~ ♣♣♣
♣♣..~~..♣♣...~~~~.♣
♣♣.. ♣..~~~.~♣
♣~.....♣♣ ♣.~
♣.....♣♣♣ ♣♣
♣♣..♣♣♣ .♣♣♣♣
♣♣~~♣ß♣ ♣.....♣
♣♣~♣~§~§§♣.~~..~
♣~..§§§§(§..~...
♣♣~..§§§D@§~.♣
♣~>..§§§§D♣.♣.D≈≈
♣♣.~~~~§§i♣ ♣ ≈
♣.~~~†~~.♣
♣..~)~~~.♣
♣...~~~~~.~.≈
~.~♣♣..~~~~~... ~.
....~~~~~... .
.~.♣..~~~~§~§


You could see a 17-headed hydra (strong), 2 swamp dragons, a spriggan rider and
a friendly +0 spectral broad axe.

Vanquished Creatures
  Vashnia (Snake:4)
  Nikola (Snake:2)
  Aizul (Snake:3)
  5 nagarajas
  A fenstrider witch (Swamp:1)
  2 frost giants
  2 fire giants
  The ghost of arrowsters the Severer, a journeyman MDMo of Beogh (Orc:2)
  2 orc warlords
  4 eleionomae (Swamp:1)
  Nessos (D:15)
  Josephine (Lair:4)
  2 ettins
  A shambling mangrove (Swamp:1)
  A hydra (Swamp:1)
  Harold (D:9)
  2 vault guards (D:14)
  4 ogre magi
  6 salamander tyrants
  5 centaur warriors
  2 alligators (Swamp:1)
  A catoblepas (Lair:5)
  8 two-headed ogres
  20 anacondas
  13 death yaks
  A deep troll shaman (Lair:5)
  8 naga warriors
  3 shock serpents (Snake:1)
  15 naga sharpshooters
  Nergalle (Lair:2)
  A fire crab (D:11)
  3 skeletal warriors (D:15)
  2 deep trolls (Orc:2)
  A skyshark (Lair:4)
  A flayed ghost (D:11)
  2 goliath frogs
  18 mana vipers
  6 salamander mystics
  A deep elf archer (D:14)
  A mana viper (shapeshifter) (D:11)
  9 naga ritualists
  Pikel (D:5)
  2 spriggan druids
  2 swamp dragons (Swamp:1)
  A harpy (shapeshifter) (D:12)
  7 lindwurms
  A deep elf pyromancer (D:12)
  2 necromancers (D:14)
  10 ugly things
  3 orc sorcerers (Orc:2)
  A will-o-the-wisp (Swamp:1)
  8 elephants (Lair:5)
  21 salamanders
  2 manticores (D:11)
  6 cyclopes
  8 guardian serpents
  2 kobold blastminers (Orc:2)
  9 meliai
  12 naga magi
  An ice statue (IceCv)
  52 black mambas
  2 gargoyles
  A torpor snail (Lair:4)
  A cane toad (shapeshifter) (D:13)
  16 cane toads
  11 rime drakes
  Jeremiah (D:9)
  4 komodo dragons
  3 tengu conjurers (D:11)
  A yaktaur (D:15)
  9 trolls
  A queen bee (D:12)
  A troll (shapeshifter) (D:14)
  4 hornets
  2 blink frogs (Lair:3)
  4 tyrant leeches
  Prince Ribbit (Lair:3)
  14 polar bears
  9 slime creatures
  2 shadows
  A wyvern (D:7)
  4 spriggans
  Sigmund (D:6)
  21 humans
  7 wraiths
  A yak (shapeshifter) (D:13)
  3 vampires
  2 wargs
  5 fire bats
  48 yaks
  3 basilisks
  3 steam dragons (Volcano)
  11 vampire mosquitoes
  10 swamp worms
  3 acid dragons
  14 water moccasins
  A hell hound (Volcano)
  38 nagas
  17 orc warriors
  A sky beast (D:8)
  A swamp drake (Swamp:1)
  2 ice beasts
  3 laughing skulls
  7 black bears
  16 centaurs
  19 ogres
  32 wolves
  A phantom (D:5)
  7 kobold brigands
  8 bullfrogs
  7 scorpions
  2 water moccasin zombies (D:5)
  8 wights
  40 killer bees
  7 howler monkeys
  5 electric eels
  A bombardier beetle (D:4)
  2 bullfrog zombies (D:5)
  2 centaur zombies (D:5)
  4 jellies
  A gnoll bouda (D:6)
  19 orc priests
  A bullfrog skeleton (D:5)
  A human zombie (D:5)
  An iguana (D:4)
  15 orc wizards
  6 sleepcaps
  4 hell rats (Lair:2)
  A scorpion zombie (D:5)
  A hound zombie (D:5)
  3 gnolls (D:6)
  10 adders
  2 shadow imps (D:5)
  A white imp (D:7)
  3 ufetubi
  12 dart slugs
  71 orcs
  4 bats
  An endoplasm (D:2)
  4 giant cockroaches
  4 goblins
  4 hobgoblins
  7 jackals
  A quokka (D:2)
  5 ball pythons
  3 frilled lizards
  32 kobolds
  4 rats
988 creatures vanquished.

Vanquished Creatures (collateral kills)
  Roxanne (D:15)
  A hydra (Lair:5)
  4 two-headed ogres (Orc:2)
  3 death yaks (Lair:5)
  A naga warrior (Snake:4)
  A cyclops (Orc:2)
  An elephant (Lair:5)
  2 trolls (Orc:2)
  3 ogres (Orc:2)
17 creatures vanquished.

Vanquished Creatures (others)
  A fire dragon (Volcano)
  An orc wizard (D:10)
  36 spectral weapons
38 creatures vanquished.

Grand Total: 1043 creatures vanquished

Notes
Turn   | Place    | Note
-------+----------+-------------------------------------------
     0 | D:1      | FilltheMatrix the Minotaur Berserker began the quest for
                  | the Orb.
     0 | D:1      | Reached XP level 1. HP: 19/19 MP: 0/0
   292 | D:1      | Reached skill level 4 in Fighting
   376 | D:1      | Reached XP level 2. HP: 25/27 MP: 1/1
   402 | D:1      | Found Qofa's General Store.
   624 | D:2      | Found Rati's Book Shop.
   683 | D:2      | Found a faded altar of an unknown god.
   712 | D:2      | Found Edoeg's Assorted Antiques.
   721 | D:2      | Bought a fizzy dark potion for 23 gold pieces
   721 | D:2      | Bought a lumpy puce potion for 23 gold pieces
   754 | D:2      | Found Muca's Distillery.
  1102 | D:2      | Found Zuecwith's Jewellery Shoppe.
  1461 | D:3      | Found a burning altar of Makhleb.
  1576 | D:3      | Noticed an ogre
  1581 | D:3      | Reached XP level 3. HP: 34/34 MP: 2/2
  1589 | D:3      | Killed an ogre
  1590 | D:3      | Reached skill level 5 in Fighting
  1590 | D:3      | Reached XP level 4. HP: 23/42 MP: 3/3
  1806 | D:3      | Reached XP level 5. HP: 46/48 MP: 4/4
  1852 | D:3      | Reached ** piety under Trog
  1877 | D:3      | Found a glowing silver altar of Zin.
  1878 | D:3      | Found an ornate altar of the Wu Jian Council.
  1879 | D:3      | Found a bloodstained altar of Trog.
  1879 | D:3      | Found a snail-covered altar of Cheibriados.
  1879 | D:3      | Found a hazy altar of Hepliaklqana.
  2067 | D:3      | Found Xeosat's Distillery.
  2685 | D:2      | Bought a silvery potion for 23 gold pieces
  2807 | D:4      | Found a sparkling altar of Nemelex Xobeh.
  2818 | D:4      | Reached skill level 6 in Fighting
  2822 | D:4      | Reached skill level 5 in Axes
  3003 | D:4      | Reached XP level 6. HP: 46/58 MP: 5/5
  3044 | D:4      | Reached skill level 7 in Fighting
  3169 | D:4      | Reached skill level 5 in Armour
  3169 | D:4      | Reached XP level 7. HP: 59/66 MP: 6/6
  3914 | D:5      | Entered Level 5 of the Dungeon
  3952 | D:5      | Reached skill level 8 in Fighting
  4075 | D:5      | Reached XP level 8. HP: 61/75 MP: 7/7
  4278 | D:5      | Found a staircase to the Ecumenical Temple.
  4452 | D:5      | Noticed Pikel
  4468 | D:5      | Killed Pikel
  4469 | D:5      | Reached skill level 9 in Fighting
  4624 | D:5      | Found a blossoming altar of Fedhas.
  5184 | D:5      | Reached skill level 10 in Fighting
  5244 | D:5      | Reached *** piety under Trog
  5245 | D:5      | Reached XP level 9. HP: 85/85 MP: 8/8
  5275 | D:5      | Found an ancient bone altar of Kikubaaqudgha.
  5282 | D:5      | Reached skill level 5 in Shields
  5697 | D:6      | Noticed Sigmund
  5711 | D:6      | Killed Sigmund
  6259 | D:6      | Found a stormy altar of Qazlal.
  6570 | D:7      | Reached skill level 11 in Fighting
  6716 | D:7      | Found Zexunoa's Book Boutique.
  6733 | D:7      | Found a shimmering altar of Xom.
  6797 | D:7      | Reached **** piety under Trog
  7411 | D:3      | Bought a potion of curing for 36 gold pieces
  7411 | D:3      | Bought a potion of resistance for 120 gold pieces
  7411 | D:3      | Bought a potion of mutation for 96 gold pieces
  7411 | D:3      | Bought a potion of magic for 96 gold pieces
  7664 | D:8      | Reached XP level 10. HP: 86/96 MP: 9/9
  7908 | D:8      | Reached skill level 12 in Fighting
  8173 | D:8      | Found a broken altar of Ashenzari.
  8888 | D:9      | Reached ***** piety under Trog
  8944 | D:9      | Noticed Harold
  8952 | D:9      | Killed Harold
  9050 | D:9      | Reached skill level 13 in Fighting
  9198 | D:9      | Noticed Jeremiah
  9217 | D:9      | Killed Jeremiah
  9319 | D:10     | Entered Level 10 of the Dungeon
  9325 | D:10     | Reached XP level 11. HP: 107/107 MP: 10/10
  9356 | D:10     | Reached skill level 10 in Shields
  9436 | D:10     | Identified the ring "Xastre" {rF++ rN+ Dex+2}
  9603 | D:10     | Found an iron altar of Okawaru.
  9623 | D:10     | Reached skill level 10 in Axes
  9708 | D:10     | Identified the +1 leather armour of Plasticity {rElec rC+
                  | Str+2}
  9865 | D:11     | Found Zawkuda's Book Emporium.
  9998 | D:11     | Found a staircase to the Lair.
 10181 | D:11     | Reached skill level 14 in Fighting
 10190 | D:11     | Reached skill level 10 in Armour
 10210 | D:11     | Noticed a flayed ghost
 10217 | D:11     | Killed a flayed ghost
 10517 | D:11     | Noticed an ogre mage
 10524 | D:11     | Noticed a frost giant
 10526 | D:11     | Killed an ogre mage
 10535 | D:11     | Killed a frost giant
 10536 | D:11     | Reached XP level 12. HP: 84/118 MP: 11/11
 10567 | D:11     | Noticed an ogre mage
 10575 | D:11     | Killed an ogre mage
 10580 | D:11     | Reached skill level 15 in Fighting
 10705 | D:11     | Noticed an ettin
 10710 | D:11     | Killed an ettin
 10904 | D:11     | Identified the +3 ring mail "Tytom" {rPois Will- Str+3}
 11018 | D:11     | Noticed a fire giant
 11026 | D:11     | Killed a fire giant
 11105 | Lair:1   | Entered Level 1 of the Lair of Beasts
 11344 | Lair:1   | Received a gift from Trog
 12049 | Lair:2   | Reached skill level 16 in Fighting
 12277 | Lair:2   | Found a transporter.
 12306 | Lair:2   | Reached XP level 13. HP: 109/129 MP: 12/12
 12336 | Lair:2   | Noticed Nergalle
 12346 | Lair:2   | Killed Nergalle
 12396 | Lair:2   | Found a transporter.
 12569 | Lair:2   | Found a staircase to the Swamp.
 12782 | Lair:2   | Found a staircase to the Snake Pit.
 12827 | Lair:2   | Received a gift from Trog
 13163 | Lair:3   | Noticed Prince Ribbit
 13169 | Lair:3   | Killed Prince Ribbit
 13592 | Lair:3   | Identified the +0 robe "Siuhee" {rN+ Regen+ rCorr SInv}
 14100 | Lair:4   | Identified the staff of Bacua {rF+ Dex+3 Fire}
 14352 | Lair:4   | Noticed Josephine
 14358 | Lair:4   | Killed Josephine
 14359 | Lair:4   | Reached skill level 17 in Fighting
 14377 | Lair:4   | Found a viscous altar of Jiyva.
 14377 | Lair:4   | Found a staircase to the Slime Pits.
 14454 | Lair:4   | Reached skill level 15 in Shields
 14800 | Lair:5   | Entered Level 5 of the Lair of Beasts
 15545 | Lair:5   | Reached XP level 14. HP: 141/141 MP: 13/13
 15886 | Lair:5   | Reached skill level 18 in Fighting
 16067 | Lair:5   | Got Nilue's Incunable of the Becharming Crypt
 16790 | D:2      | Bought a potion of attraction for 39 gold pieces
 16790 | D:2      | Bought a potion of curing for 39 gold pieces
 16790 | D:2      | Bought a potion of berserk rage for 65 gold pieces
 16790 | D:2      | Bought a potion of enlightenment for 65 gold pieces
 16790 | D:2      | Bought a potion of attraction for 39 gold pieces
 16790 | D:2      | Bought a potion of curing for 39 gold pieces
 16790 | D:2      | Bought a potion of lignification for 39 gold pieces
 16790 | D:2      | Bought a potion of might for 52 gold pieces
 16790 | D:2      | Bought a potion of haste for 130 gold pieces
 16814 | D:3      | Bought a potion of magic for 96 gold pieces
 16814 | D:3      | Bought 2 potions of invisibility for 192 gold pieces
 16814 | D:3      | Bought a potion of curing for 36 gold pieces
 17642 | D:12     | Identified the +1 war axe "Xinef" {flame, rElec Str-4
                  | Dex+3} (Trog gifted it to you on level 12 of the Dungeon)
 17642 | D:12     | Received a gift from Trog
 17658 | D:12     | Found a staircase to the Orcish Mines.
 18452 | Orc:1    | Entered Level 1 of the Orcish Mines
 18469 | Orc:1    | Found Zaczoan's Armour Boutique.
 18481 | Orc:1    | Found a dark tunnel.
 18487 | Orc:1    | Received a gift from Trog
 18508 | Volcano  | Entered a volcano
 18682 | Orc:2    | Entered Level 2 of the Orcish Mines
 18706 | Orc:2    | Found a staircase to the Elven Halls.
 18711 | Orc:2    | Found Judesteall's General Store.
 18745 | Orc:2    | Reached skill level 19 in Fighting
 18788 | Orc:2    | Found Punufo's Weapon Boutique.
 18788 | Orc:2    | Found Peg Coro's Magic Scroll Emporium.
 18869 | Orc:1    | Found a frozen archway.
 18883 | IceCv    | Entered an ice cave
 18925 | IceCv    | Reached XP level 15. HP: 140/152 MP: 14/14
 18935 | IceCv    | Received a gift from Trog
 19130 | IceCv    | Noticed a frost giant
 19154 | IceCv    | Killed a frost giant
 19227 | IceCv    | Got the Thoughts on Algor
 19949 | Orc:2    | Found Puiki's Weapon Shoppe.
 19968 | Orc:2    | Bought a scroll of acquirement for 676 gold pieces
 19968 | Orc:2    | Bought a scroll of identify for 26 gold pieces
 19969 | Orc:2    | Acquired a manual of Axes
 20019 | Orc:2    | Found a transporter.
 20019 | Orc:2    | Noticed arrowsters's ghost (journeyman MDMo)
 20020 | Orc:2    | Found a transporter.
 20020 | Orc:2    | Identified the +1 dire flail of Harmony {antimagic, +Blink
                  | rPois rC+}
 20258 | Orc:2    | Received a gift from Trog
 20723 | Orc:1    | You fall into a shaft and drop 1 floor!
 21547 | D:13     | Reached skill level 15 in Axes
 21556 | D:13     | Reached skill level 20 in Fighting
 22508 | D:14     | Reached ****** piety under Trog
 22719 | D:14     | Found Ceucodat's Fire Supplies.
 22725 | D:14     | Bought a scroll of immolation for 48 gold pieces
 23004 | D:14     | Found a gate to the Vaults.
 23583 | D:14     | You fall into a shaft and drop 1 floor!
 23583 | D:15     | Entered Level 15 of the Dungeon
 23621 | D:15     | Found Wuis's Book Shoppe.
 23785 | D:15     | Noticed Roxanne
 23791 | D:15     | Killed Roxanne
 23931 | D:15     | Found a staircase to the Depths.
 23931 | D:15     | Noticed a fire giant
 23953 | D:15     | Killed a fire giant
 23954 | D:15     | Reached XP level 16. HP: 106/165 MP: 15/15
 24083 | D:15     | Noticed Nessos
 24091 | D:15     | Killed Nessos
 24301 | D:15     | Identified the +7 hand axe "Jellyslayer" {heavy, *Rage rF+
                  | Str+4} (Trog gifted it to you on level 15 of the Dungeon)
 24301 | D:15     | Received a gift from Trog
 24682 | D:1      | Bought a potion of magic for 96 gold pieces
 24963 | Orc:2    | Killed arrowsters's ghost
 25014 | Orc:2    | Bought a scroll of blinking for 97 gold pieces
 25014 | Orc:2    | Bought a scroll of teleportation for 39 gold pieces
 25014 | Orc:2    | Bought a scroll of enchant armour for 97 gold pieces
 25014 | Orc:2    | Bought a scroll of poison for 52 gold pieces
 25014 | Orc:2    | Bought a scroll of immolation for 52 gold pieces
 25019 | Orc:2    | Bought a scroll of blinking for 97 gold pieces
 25228 | Lair:2   | HP: 1/247 [swamp worm (16)]
 25628 | Snake:1  | Entered Level 1 of the Snake Pit
 27066 | Snake:1  | Found a sparkling altar of Nemelex Xobeh.
 27811 | Snake:1  | Reached skill level 21 in Fighting
 27811 | Snake:1  | Reached skill level 15 in Armour
 27814 | Snake:1  | Received a gift from Trog
 28176 | Snake:2  | Noticed Nikola
 28191 | Snake:2  | Killed Nikola
 28531 | Snake:2  | You fall into a shaft and drop 1 floor!
 28663 | Snake:3  | Identified the amulet "Zuufoit" {Harm *Corrode rPois rN+
                  | RegenMP+}
 29057 | Snake:3  | Reached XP level 17. HP: 136/174 MP: 16/16
 30507 | Snake:4  | Entered Level 4 of the Snake Pit
 30507 | Snake:4  | Noticed Vashnia
 30660 | Snake:4  | Identified the serpent talisman of the Alphagorgon {rF+ rN+
                  | SInv Stlth+}
 30660 | Snake:4  | Noticed Aizul
 30701 | Snake:4  | Reached skill level 22 in Fighting
 30840 | Snake:3  | Killed Aizul
 31304 | Snake:4  | Killed Vashnia
 32116 | Snake:4  | Got a serpentine rune of Zot
 32434 | Swamp:1  | Entered Level 1 of the Swamp
 32494 | Swamp:1  | Reached XP level 18. HP: 187/187 MP: 17/17
 32980 | Swamp:1  | Identified the amulet of Xom's Best Wishes {Acrobat +Blink
                  | rElec rC+ Int-2}
 33379 | Swamp:2  | HP: 11/280 [17-headed hydra (15)]
 33379 | Swamp:2  | Slain by a 17-headed hydra

Illustrated notes

Levels and vault maps discovered:
D:1:      noname_arrival_rooms_in_the_neighbourhood, layout_rooms, serial_shops,
          nicolae_shop_hallway_stairs
D:2:      layout_basic, serial_shops, nicolae_shop_stone, shop_statue, shop,
          shop, chequers_ecumenical_altar_simple_redux
D:3:      kennysheep_slugbush, layout_basic, grunt_temple_overflow_open,
          mainiacjoe_overflow_boulevard, serial_shops, shop,
          minmay_fractal_squares_diagonal_5
D:4:      old_forge, layout_loops_ring, nemelex_xobeh_ov_fountains_minmay
D:5:      minmay_opposing_rooms, layout_layer_cave, overflow_temple_1_default,
          lemuel_mausoleum_altar_kikubaaqudgha, minmay_temple_entry_tees,
          uniq_pikel
D:6:      layout_loops_ring, kennysheep_little_box, uniq_sigmund
D:7:      layout_basic, regret_index_xom_of_box, serial_shops, shop,
          reono_crystal_passage
D:8:      layout_basic, lemuel_crystal_altar
D:9:      layout_grid_maze, uniq_harold, uniq_jeremiah
D:10:     layout_basic, okawaru_humans
D:11:     minmay_box_of_curves, layout_gridville, david_lair_shrubbed,
          nicolae_stop_n_shop_1, chequers_serial_rivers_small_a
D:12:     layout_roguey [special_room_bee], erik_orc_3
D:13:     layout_gridville
D:14:     layout_stronghold, grunt_vaults_entry_tiered, nicolae_shop_fire_sale
          [nicolae_sub_dead_trees]
D:15:     grunt_enter_depths_giant_problem, layout_irregular_city,
          minmay_crystal_room, serial_shops, shop, uniq_roxanne, uniq_nessos
Lair:1:   layout_gridlike
Lair:2:   gammafunk_worm_tunnel, layout_big_grid, minmay_swamp_entry_eels,
          alex1729_snake_entry_snake, uniq_nergalle
Lair:3:   beast_lair_carwin_large_2, layout_cave_pods, grunt_megastairs_1,
          lemuel_fruit_fields, uniq_prince_ribbit2
Lair:4:   layout_hall_layers, dpeg_slime_entry_enclosed,
          dreamdust_deal_with_the_devil, uniq_josephine
Lair:5:   grunt_lair_end_beastmaster, layout_regular_city, serial_bayou_shore_a
Swamp:1:  nicolae_swamp_wrong_neighborhood, layout_basic_swamp,
          serial_swamp_ruin, evilmike_swamp_ruin_rubble_2,
          evilmike_swamp_ruin_house_2, swamp_pool_1_2
Swamp:2:  layout_basic_swamp, infiniplex_staircase_pool, swamp_pool_3,
          statue_in_the_mist_lemuel, hangedman_swamp_diagram,
          nicolae_swamp_spriggan_camp, nicolae_swamp_decorative_isthmus
Snake:1:  layout_layer_cave, basic_altar, special_room, drop_trap
Snake:2:  layout_basic, uniq_nikola
Snake:3:  cheibrodos_snake_ritualist_ritual, layout_honeycomb,
          serial_bayou_shore_b
Snake:4:  snake_pit_salamanders_mu, layout_onion_interference, uniq_aizul,
          uniq_vashnia
Orc:1:    layout_caves, serial_shops, shop, portal_ice_cave_rime,
          enter_volcano_2, nicolae_orc_takin'_care_of_business
Orc:2:    st_orc_open, layout_caves, gammafunk_ghost_smash,
          nicolae_orc_stalacmites

Skill      XL: |  1  2  3  4  5  6  7  8  9 10 11 12 13 14 15 16 17 |
---------------+----------------------------------------------------+-----
Fighting       | 4 5 6 7 8 10 11 13 14 16 17 19 20 21 22 | 22.9
Axes           | 4 5 6 7 8 9 10 11 12 13 16 19 20 | 20.9
Armour         | 3 4 5 6 8 9 10 11 12 13 14 15 16 | 16.5
Shields        | 4 7 9 12 13 15 17 18 20 21 | 21.4
Dodging        | |  2.1

Action                     |  1- 3 |  4- 6 |  7- 9 | 10-12 | 13-15 | 16-18 || total
---------------------------+-------+-------+-------+-------+-------+-------++-------
  Melee: Hand axe          |    21 |       |       |       |       |       ||    21
         Headbutt          |     6 |    17 |    41 |   102 |   246 |   243 ||   655
         Broad axe         |    26 |    78 |   220 |   482 |   857 |   851 ||  2514
         Trident           |       |       |       |       |     6 |       ||     6
         War axe           |       |       |       |       |     1 |       ||     1
  Throw: Dart              |       |       |       |     1 |       |       ||     1
 Invoke: Berserk           |     1 |       |     4 |     4 |    11 |    17 ||    37
         Trog's Hand       |       |       |     1 |     3 |     3 |     5 ||    12
         Brothers in Arms  |       |       |       |       |     4 |     4 ||     8
    Use: Scroll            |       |     1 |    16 |     2 |    17 |     6 ||    42
         Potion            |       |       |       |       |       |     4 ||     4
   Stab: Held in net/web   |       |     1 |       |       |       |       ||     1
         Distracted        |       |       |       |     8 |    16 |    19 ||    43
         Petrified         |       |       |       |       |     1 |       ||     1
 Armour: Animal skin       |    27 |       |       |       |       |       ||    27
         Chain mail        |     9 |    67 |   188 |   237 |       |       ||   501
         Ring mail         |       |       |       |    68 |   426 |       ||   494
         Skin              |       |       |       |     3 |       |       ||     3
         Leather armour    |       |       |       |       |   215 |    45 ||   260
         Plate armour      |       |       |       |       |       |   628 ||   628
  Dodge: Dodged            |    36 |    29 |    94 |   127 |   332 |   176 ||   794
  Block: Kite shield       |       |       |    99 |   158 |   192 |   571 ||  1020
         Buckler           |       |       |       |    65 |   262 |       ||   327

Table legend: (Time is in decaauts)
 A = Elapsed time spent in this place.
 B = Non-inter-level travel time spent in this place.
 C = Inter-level travel time spent in this place.
 D = Time resting spent in this place.
 E = Time spent auto-exploring this place.
 F = Levels seen in this place.
 G = Mean time per level.
                   A        B        C        D        E       F      G
               +--------+--------+--------+--------+--------+-----+--------+
         Total |  33748 |  29547 |   4201 |   1985 |  21676 |  30 | 1124.9 |
       Dungeon |  17698 |  14956 |   2742 |    949 |  11362 |  15 | 1179.9 |
          Lair |   5990 |   5336 |    654 |    292 |   4092 |   5 | 1198.0 |
         Swamp |    992 |    963 |     29 |    103 |    635 |   2 |  496.0 |
     Snake Pit |   6009 |   5775 |    234 |    378 |   4304 |   4 | 1502.2 |
  Orcish Mines |   2209 |   1669 |    540 |    131 |    964 |   2 | 1104.5 |
      Ice Cave |    700 |    700 |      0 |    129 |    317 |   1 |  700.0 |
       Volcano |    148 |    148 |      0 |      0 |      0 |   1 |  148.0 |
               +--------+--------+--------+--------+--------+-----+--------+

Top non-repeatable levels by time:
     D:5: 1862 daAuts
 Snake:1: 1669 daAuts
 Snake:4: 1592 daAuts
     D:4: 1574 daAuts
     D:3: 1567 daAuts
    D:11: 1545 daAuts
  Lair:2: 1494 daAuts
 Snake:3: 1489 daAuts
  Lair:5: 1440 daAuts
   Orc:2: 1354 daAuts
     D:9: 1323 daAuts
    D:14: 1305 daAuts
 Snake:2: 1258 daAuts
    D:13: 1227 daAuts
    D:12: 1185 daAuts
